 Dungeon Crawl Stone Soup version 0.17-a0-1230-g8afc29e (webtiles) character file.

186 Chiseanne the Grave Robber (level 5, 0/35 HPs)
             Began as a Mummy Necromancer on June 4, 2015.
             Slain by an orc priest
             ... wielding a +0 hand axe
              (6 damage)
             ... on level 4 of the Dungeon.
             The game lasted 00:11:02 (3756 turns).

Chiseanne the Grave Robber (Mummy Necromancer)      Turns: 3756, Time: 00:11:02

Health: 0/35       AC:  3    Str: 12    XL:     5   Next: 38%
Magic:  0/10       EV: 12    Int: 15    God:
Gold:   261        SH:  0    Dex: 12    Spells: 4 memorised, 2 levels left

rFire  x . .     SeeInvis .     a - +5 mace (crush)
rCold  + . .     Clarity  .     l - +1 robe
rNeg   + + +     SustAt   .     (no shield)
rPois  ∞         Gourm    .     (no helmet)
rElec  .         Spirit   .     (no cloak)
rCorr  .         Warding  .     (no gloves)
rMut   .         Stasis   .     (no boots)
MR     .....                    (no amulet)
Stlth  ++........               (no ring)
                                h - ring of wizardry

@: not resistant to hostile enchantments, unstealthy
A: no food or potions, fire vulnerability, cold resistance 1, negative energy
resistance 3, torment resistance, unbreathing
a: no special abilities


You were on level 4 of the Dungeon.
You were not hungry.

You visited 1 branch of the dungeon, and saw 4 of its levels.

You collected 261 gold pieces.

Inventory:

Hand weapons
 a - a +5 mace of crushing (weapon)
 s - a +2 short sword of protection
Missiles
 c - 81 bolts
 i - 56 arrows
Armour
 d - a +0 shield
 l - a +1 robe (worn)
Jewellery
 h - a ring of wizardry (left hand)
Scrolls
 f - a scroll of remove curse
 g - 6 scrolls of identify
Books
 b - a book of Necromancy

   Spells                             Type                      Level
   a - Pain                           Necromancy                   1
   b - Animate Skeleton               Necromancy                   1
   c - Vampiric Draining              Necromancy                   3
   d - Regeneration                   Charms/Necromancy            3
   e - Animate Dead                   Necromancy                   4
   f - Control Undead                 Necromancy                   4
 e - a book of Callings

   Spells                             Type                      Level
   a - Summon Small Mammal            Summoning                    1
   b - Call Imp                       Summoning                    2
   c - Call Canine Familiar           Summoning                    3
   d - Summon Guardian Golem          Hexes/Summoning              3
   e - Summon Lightning Spire         Summoning/Air                4
   f - Summon Ice Beast               Ice/Summoning                4


   Skills:
 - Level 1.5 Dodging
 - Level 1.5 Stealth
 * Level 3.9 Spellcasting
 * Level 5.5 Necromancy


You had 2 spell levels left.
You knew the following spells:

 Your Spells              Type           Power        Failure   Level  Hunger
a - Pain                  Necr           ###.         1%          1    N/A
b - Animate Skeleton      Necr           N/A          1%          1    N/A
c - Vampiric Draining     Necr           ###.......   4%          3    N/A
d - Animate Dead          Necr           N/A          10%         4    N/A

Dungeon Overview and Level Annotations

Branches:
Dungeon (4/15)
 Temple: D:4-7

Altars:
Ashenzari
Ru
Xom


Innate Abilities, Weirdness & Mutations

You do not eat or drink.
Your flesh is vulnerable to fire.
You are immune to poison.
Your flesh is cold resistant.
You are immune to negative energy.
You are immune to unholy pain and torment.
You can survive without breathing.


Message History

Aim: an orc priest, wielding a hand axe and wearing a ring mail (chance to defeat MR: 78%)
The orc priest convulses in agony!
Casting: Pain
Confirm with . or Enter, or press ? or * to list all spells.
Aiming: Pain
Press: ? - help, Shift-Dir - straight line, f/p - orc priest
Aim: an orc priest, wielding a hand axe and wearing a ring mail (heavily wounded, chance to defeat MR: 78%)
The orc priest convulses in agony!
The orc hits you but does no damage. The orc priest misses you.
You completely miss the orc priest.
The orc priest is severely wounded.
The orc hits you with a club.
* * * LOW HITPOINT WARNING * * *
The orc priest hits you but does no damage.
Read which item? (? for menu, Esc to quit)
Enchant which weapon? (? for menu, Esc to quit)
As you read the scroll of enchant weapon, it crumbles to dust.
Your +4 mace of crushing glows red for a moment.
The orc priest hits you with a hand axe.
You die...

......_......##.#......#
#...
..##....###...#.#......#
#... # #.(.##
#...#'#......#####... #.
###.#
#......#####.........
#..####.####...?..#
#######...
..............>..# #...
#.###.............# #...
#.................# #...
#####..........@o.# #...
#.......####o## ####
#.......# #.# #.......#
#.# #.......# #.#
#.......# #.# #.......#
#.# ..#


You could see an orc priest and an orc.

Vanquished Creatures
  2 orc priests (D:4)
  2 adders
  An ooze (D:3)
  2 giant geckos (D:1)
  3 orcs (D:4)
  4 ball pythons
  12 goblins
  8 hobgoblins
  2 quokkas
  17 bats
  5 giant cockroaches
  4 giant newts
  7 jackals
  14 kobolds
  8 rats
91 creatures vanquished.

Vanquished Creatures (collateral kills)
  An adder (D:4)
  An ooze (D:4)
  An orc (D:4)
  A hobgoblin (D:1)
  A jackal (D:1)
  A ball python (D:4)
  A rat (D:4)
7 creatures vanquished.

Grand Total: 98 creatures vanquished

Notes
Turn   | Place    | Note
--------------------------------------------------------------
     0 | D:1      | Chiseanne the Mummy Necromancer began the quest for the Orb.
     0 | D:1      | Reached XP level 1. HP: 13/13 MP: 3/3
   207 | D:1      | Learned a level 1 spell: Animate Skeleton
   397 | D:1      | Reached XP level 2. HP: 19/19 MP: 0/5
   803 | D:1      | Found a shattered altar of Ashenzari.
   959 | D:1      | Reached XP level 3. HP: 24/24 MP: 3/6
  1992 | D:2      | Learned a level 3 spell: Vampiric Draining
  2220 | D:2      | Reached XP level 4. HP: 30/30 MP: 6/8
  2553 | D:3      | Learned a level 4 spell: Animate Dead
  2572 | D:3      | Found a sacrificial altar of Ru.
  2980 | D:3      | Reached skill level 5 in Necromancy
  3424 | D:4      | Reached XP level 5. HP: 18/35 MP: 1/10
  3576 | D:4      | Found a shimmering altar of Xom.
  3756 | D:4      | Slain by an orc priest

Vault maps used:
D:1:      saegor_arrival_under_anarchy, evilmike_ruin_ashenzari
D:2:      minmay_door_path, first_bread, minmay_misc_feat_secret_circle,
          hex_large
D:3:      nicolae_ru_sacrificial_ziggurat
D:4:      nicolae_overflow_crystal_walls, roderic_roman_lattice

Action                   |  1- 3 |  4- 6 || total
-------------------------+-------+-------++-------
Melee: Whip              |    24 |       ||    24
       Mace              |    11 |    33 ||    44
       Short sword       |       |     5 ||     5
 Cast: Pain              |    69 |    27 ||    96
       Animate Skeleton  |    21 |    12 ||    33
       Animate Dead      |       |     7 ||     7
       Vampiric Draining |       |     5 ||     5
  Use: Scroll            |     6 |     8 ||    14
 Stab: Distracted        |     1 |       ||     1
       Sleeping          |       |     5 ||     5
